 Dungeon Crawl Stone Soup version 0.28-a0-1087-gf3fc490d9d (webtiles) character file.

Game seed: 17986022586418017121

48 ducksouse the Caller (level 3, 0/14 HPs)
             Began as a Felid Summoner on Dec 10, 2021.
             Slain by a quokka (3 damage)
             ... on level 2 of the Dungeon.
             The game lasted 00:13:40 (2542 turns).

ducksouse the Caller (Felid Summoner)               Turns: 2542, Time: 00:13:40

Health: 0/14       AC:  5    Str:  4    XL:     3   Next: 50%
Magic:  2/8        EV: 17    Int: 24    God:
Gold:   55         SH:  0    Dex: 16    Spells: 3/7 levels left
                                        Lives:  0   Deaths: 0

rFire   . . .      SeeInvis +   (weapon unavailable)
rCold   . . .      Faith    .   (shield unavailable)
rNeg    . . .      Spirit   .   (armour unavailable)
rPois   .          Reflect  .   (helmet unavailable)
rElec   .          Harm     .   (cloak unavailable)
rCorr   .          Rampage  .   (gloves unavailable)
Will    .....                   (boots unavailable)
Stlth   ++........              (no amulet)
HPRegen 0.04/turn               b - +4 ring of protection
MPRegen 0.11/turn               e - +6 ring of intelligence

@: quick
A: very small, claws 1, fangs 3, see invisible, speed 1, shaggy fur 1, stealthy
paws, no weapons or thrown items, no armour, multi-lived
a: no special abilities


You were on level 2 of the Dungeon.
You visited 1 branch of the dungeon, and saw 2 of its levels.

You collected 55 gold pieces.

Inventory:

Hand Weapons
 c - a +0 hand axe
Jewellery
 b - a +4 ring of protection (left paw)
 e - a +6 ring of intelligence (right paw)
 h - a +6 ring of dexterity
Scrolls
 d - a scroll of blinking {unknown}
 f - 2 scrolls of identify {unknown}
Potions
 a - a potion of berserk rage {unknown}
 g - a potion of brilliance {unknown}


   Skills:
 + Level 2.9 Dodging
 + Level 2.7 Stealth
 + Level 2.9 Spellcasting
 + Level 4.6 Summonings


You had 3 spell levels left.
You knew the following spells:

 Your Spells              Type           Power      Damage    Failure   Level
a - Summon Small Mammal   Summ           100%       N/A       1%          1
b - Call Imp              Summ           25%        N/A       2%          2
c - Shock                 Conj/Air       12%        1d3       11%         1

Your spell library contained the following spells:

 Spells                   Type           Power      Damage    Failure   Level
 Call Canine Familiar     Summ           25%        N/A       4%          3
 Summon Guardian Golem    Hex/Summ       14%        N/A       13%         3
 Swiftness                Air            3%         N/A       32%         3
 Summon Lightning Spire   Summ/Air       14%        N/A       38%         4
 Airstrike                Air            1%         N/A       73%         4


Dungeon Overview and Level Annotations

Branches:
Dungeon (2/15)

Altars:
Ashenzari

Annotations:
D:2 Sigmund


Innate Abilities, Weirdness & Mutations

You have sharp claws.
You have razor-sharp teeth.
You have supernaturally acute eyesight. (SInv)
You cover ground quickly. (Speed+)
You are covered in fur. (AC +1)
Your paws help you pounce on unaware monsters.
You are incapable of wielding weapons or throwing items.
You cannot wear armour.
You gain extra lives every three experience levels.


Message History

Unknown command.
Casting: Shock (safe; 11% risk of failure)
Confirm with . or Enter, or press ? or * to list all spells.
Aiming: Shock (safe; 11% risk of failure)
Press: ? - help, Shift-Dir - straight line, f/p - dart slug
Aim: a dart slug (almost dead, 100% to hit)
You miscast Shock.
You are very lightly contaminated with residual magic.
Nothing appears to happen.
The dart slug launches a dart at you. The slug dart misses you.
Unknown command.
Casting: Shock (safe; 11% risk of failure)
Confirm with . or Enter, or press ? or * to list all spells.
Aiming: Shock (safe; 11% risk of failure)
Press: ? - help, Shift-Dir - straight line, f/p - dart slug
Aim: a dart slug (almost dead, 100% to hit)
The zap hits the dart slug.
You kill the dart slug!
A worm and Sigmund come into view.
Sigmund is wielding a +0 scythe of protection.
Sigmund shouts!
Sigmund casts a spell at you. The puff of flame hits you!
Ouch! That really hurt!
* * * LOW HITPOINT WARNING * * *
The endoplasm quivers.
Found 3 gold pieces.
A quokka comes into view.
Your magical contamination has completely faded away.
Sigmund barely misses you.
A dart slug comes into view.
Sigmund breathes a few words.
Sigmund's hands start flickering wildly.
You see here 3 gold pieces.
The quokka barely misses you.
Sigmund casts a spell.
Sigmund flickers and vanishes for a moment.
The quokka bites you.
You die...

....###.###......###..
..........'......'....
..#.###.###......###.. #.
...# #......# #.. #.#####
#.....†# ###
..######......#
########...........5.#
.....................#
.........@...........#
..w.....rJ#####......#
.......@...# #......#
.........#.# #......###
.........#.## #........#
........w#..###........#
..........†..##........#
.............##........#
.........._...#........###


You could see Sigmund (invisible), a worm, a dart slug, an endoplasm and a
quokka.

Vanquished Creatures
  An adder (D:2)
  A dart slug (D:2)
  2 endoplasms (D:2)
  2 bats
  A rat (D:2)
7 creatures vanquished.

Vanquished Creatures (collateral kills)
  A worm (D:1)
  A dart slug (D:1)
  An endoplasm (D:1)
  2 giant cockroaches (D:1)
  3 hobgoblins
  2 ball pythons (D:1)
  4 bats
  3 goblins
  3 kobolds (D:1)
  5 rats (D:1)
25 creatures vanquished.

Grand Total: 32 creatures vanquished

Notes
Turn   | Place    | Note
-------+----------+-------------------------------------------
     0 | D:1      | ducksouse the Felid Summoner began the quest for the Orb.
     0 | D:1      | Reached XP level 1. HP: 7/7 MP: 4/4
   292 | D:1      | Reached XP level 2. HP: 10/11 MP: 3/6
   295 | D:1      | Learned a level 2 spell: Call Imp
  1684 | D:2      | Learned a level 1 spell: Shock
  1701 | D:2      | Reached XP level 3. HP: 14/14 MP: 3/7
  1928 | D:2      | Found a broken altar of Ashenzari.
  2526 | D:2      | Noticed Sigmund
  2542 | D:2      | Slain by a quokka

Illustrated notes

Levels and vault maps discovered:
D:1:      dpeg_arrival_brainrot, layout_loops_ring, nicolae_figureground_pulse
D:2:      layout_basic, basic_altar, uniq_sigmund

Action                   || total
-------------------------++-------
Melee: Unarmed           ||    10
       Bite              ||     1
 Cast: Summon Small Mamm ||    35
       Call Imp          ||    23
       Shock             ||    21
 Stab: Sleeping          ||     1
Armor: Skin              ||    14
Dodge: Dodged            ||    99

Table legend: (Time is in decaauts)
 A = Elapsed time spent in this place.
 B = Non-inter-level travel time spent in this place.
 C = Inter-level travel time spent in this place.
 D = Time resting spent in this place.
 E = Time spent auto-exploring this place.
 F = Levels seen in this place.
 G = Mean time per level.
                   A        B        C        D        E       F      G
               +--------+--------+--------+--------+--------+-----+--------+
         Total |   2190 |   2190 |      0 |    544 |    473 |   2 | 1095.0 |
       Dungeon |   2190 |   2190 |      0 |    544 |    473 |   2 | 1095.0 |
               +--------+--------+--------+--------+--------+-----+--------+

Top non-repeatable levels by time:
     D:1: 1399 daAuts
     D:2: 790 daAuts
